 Dungeon Crawl Stone Soup version 0.22-a0-479-gc6e99f3 (webtiles) character file.

165 KristoblXynda the Ruffian (level 5, -2/49 HPs)
             Began as a Troll Wizard on June 14, 2018.
             Slain by an orc
             ... wielding a +0 flail
              (7 damage)
             ... on level 3 of the Dungeon.
             The game lasted 00:03:48 (1808 turns).

KristoblXynda the Ruffian (Troll Wizard)            Turns: 1808, Time: 00:03:49

Health: -2/49      AC:  6    Str: 15    XL:     5   Next: 21%
Magic:  16/16      EV: 15    Int: 15    God:
Gold:   134        SH:  0    Dex: 11    Spells: 4/8 levels left

rFire    . . .     SeeInvis .     - Unarmed
rCold    . . .     Gourm    +   (no shield)
rNeg     . . .     Faith    .   a - +0 robe
rPois    +         Spirit   .   b - +0 hat
rElec    .         Reflect  .   m - +0 cloak
rCorr    .         Harm     .   (gloves unavailable)
MR       .....                  (boots unavailable)
Stlth    ++........             (no amulet)
HPRegen  0.56/turn              l - ring of magical power
MPRegen  0.15/turn              (no ring)

@: agile
A: large, unfitting armour, claws 3, clumsy 1, fast metabolism 3, gourmand,
poison resistance, regeneration 1, robust 1, shaggy fur 1, tough skin 2
a: no special abilities


You were on level 3 of the Dungeon.
You were completely stuffed.

You visited 1 branch of the dungeon, and saw 3 of its levels.

You collected 134 gold pieces.

Inventory:

Armour
 a - a +0 robe (worn)
 b - a +0 hat (worn)
 m - a +0 cloak (worn)
Jewellery
 l - a ring of magical power (left claw)
Scrolls
 c - 3 scrolls of identify {unknown}
 j - 2 scrolls of enchant armour {unknown}
 n - a scroll of teleportation {unknown}
 p - a scroll of enchant weapon {unknown}
Potions
 e - a potion of flight {unknown}
 i - a potion of brilliance {unknown}
 o - a potion of lignification {unknown}
Comestibles
 d - 3 rations
 f - 4 chunks of flesh


   Skills:
 - Level 1.5 Dodging
 - Level 1.0 Stealth
 + Level 3.3 Unarmed Combat
 - Level 2.0 Spellcasting
 + Level 2.7 Conjurations
   Level 0.6 Summonings
   Level 0.6 Translocations


You had 4 spell levels left.
You knew the following spells:

 Your Spells              Type           Power        Failure   Level  Hunger
a - Magic Dart            Conj           #...         8%          1    #......
b - Mephitic Cloud        Conj/Pois/Air  #.......     43%         3    ###....

Your spell library contained the following spells:

 Spells                   Type           Power        Failure   Level  Hunger
 Conjure Flame            Conj/Fire      #.......     36%         3    ###....
 Slow                     Hex            #.......     32%         2    ###....
 Blink                    Tloc           N/A          26%         2    ###....
 Call Imp                 Summ           #.......     26%         2    ###....


Dungeon Overview and Level Annotations

Branches:
Dungeon (3/15)

Altars:
Kikubaaqudgha


Innate Abilities, Weirdness & Mutations

You are too large for most types of armour.
You have claws for hands.
Your metabolism is lightning-fast.
You like to eat raw meat.
Your natural rate of healing is unusually fast.
You are covered in fur. (AC +1)
You have very tough skin. (AC +2)
You are clumsy. (Dex -2)
Your system is resistant to poisons. (rPois)
You are robust. (+10% HP)


Message History

Okay, then.
You barely miss the orc.
The orc is lightly wounded.
The orc wizard looks braver for a moment.
It was a potion of agility.
You feel agile all of a sudden. The orc hits you with a flail.
* * * LOW HITPOINT WARNING * * *
You feel extremely strange.
Your magical essence is no longer linked to your wands.
You feel slightly disoriented.
You feel clumsy.
You feel robust.
You feel resistant to poisons.
The orc wizard casts a spell.
The orc wizard flickers and vanishes!
Deactivating autopickup; reactivate with Ctrl-A.
The orc closely misses you.
You closely miss the orc.
The orc is lightly wounded.
The orc hits you with a flail!
You die...

##.. #.# .. #..... .#. #.#
#'# #..... #..
**#.#####.######.###. #..
#..................
#..#####..# ##...######.#.
#..)..g...###....######.#.
#..†.$..g{o.............#.
#########o###....#.#.#..#.
#@####...#.#......
#........#.###..##
########........#
##########


You could see 2 orcs and a goblin.

Vanquished Creatures
  Crazy Yiuf (D:2)
  5 adders
  An ooze (D:1)
  4 worms
  3 dart slugs (D:1)
  A leopard gecko (D:1)
  3 orcs (D:3)
  3 ball pythons (D:2)
  8 bats
  2 giant cockroaches
  7 hobgoblins
  4 jackals (D:1)
  8 kobolds
  3 frilled lizards
  6 goblins
  6 rats
  A fungus (D:2)
66 creatures vanquished.

Notes
Turn   | Place    | Note
-------+----------+-------------------------------------------
     0 | D:1      | KristoblXynda the Troll Wizard began the quest for the Orb.
     0 | D:1      | Reached XP level 1. HP: 16/16 MP: 2/2
    49 | D:1      | Reached skill level 1 in Unarmed Combat
    49 | D:1      | Reached skill level 1 in Conjurations
    58 | D:1      | Reached XP level 2. HP: 7/24 MP: 4/4
   320 | D:1      | Reached XP level 3. HP: 31/31 MP: 5/5
   524 | D:1      | Reached skill level 2 in Unarmed Combat
   799 | D:2      | Learned a level 3 spell: Mephitic Cloud
   815 | D:2      | Found a runed door.
   819 | D:2      | Noticed Crazy Yiuf
   974 | D:2      | Found an ancient bone altar of Kikubaaqudgha.
   989 | D:2      | Reached XP level 4. HP: 25/39 MP: 6/6
  1267 | D:2      | Killed Crazy Yiuf
  1267 | D:2      | Reached skill level 3 in Unarmed Combat
  1546 | D:3      | Reached XP level 5. HP: 44/45 MP: 7/7
  1803 | D:3      | Gained mutation: You passively map a small area around you. [potion of mutation]
  1803 | D:3      | Gained mutation: You expend magic power (3 MP) to strengthen your wands. [potion of mutation]
  1807 | D:3      | Lost mutation: You expend magic power (3 MP) to strengthen your wands. [potion of mutation]
  1807 | D:3      | Lost mutation: You passively map a small area around you. [potion of mutation]
  1807 | D:3      | Gained mutation: You are clumsy. (Dex -2) [potion of mutation]
  1807 | D:3      | Gained mutation: You are robust. (+10% HP) [potion of mutation]
  1807 | D:3      | Gained mutation: Your system is resistant to poisons. (rPois) [potion of mutation]
  1808 | D:3      | Slain by an orc

Vault maps used:
D:1:      roderic_chinese_lattice_arrival, minmay_misc_feat_five,
          minmay_misc_feat_enclosed
D:2:      lemuel_round_altar, minmay_misc_feat_rows, uniq_crazy_yiuf_cottage
D:3:      first_ration

Skill      XL: |  1  2  3  4 |
---------------+-------------+-----
Unarmed Combat | 1 2 3 |  3.3
Conjurations   | 1 2 |  2.7
Dodging        | |  1.5
Stealth        | |  1.0
Spellcasting   | |  2.0
Summonings     | |  0.6
Translocations | |  0.6

Action                   |  1- 3 |  4- 6 || total
-------------------------+-------+-------++-------
Melee: Unarmed           |   147 |    94 ||   241
       Punch             |     1 |       ||     1
 Cast: Mephitic Cloud    |     1 |     1 ||     2
  Use: Potion            |       |     4 ||     4
 Stab: Sleeping          |     2 |     1 ||     3
  Eat: Chunk             |    15 |     8 ||    23
Armor: Robe              |    53 |    39 ||    92
Dodge: Dodged            |    61 |    53 ||   114

Table legend:
 A = Spawn XP
 B = Non-spawn XP
 C = Spawn XP percentage of total XP
 D = Spawn monster count
 E = Non-spawn monster count
 F = Spawn count percentage of total count
 G = Total turns spent on level
                    A         B        C        D         E        F      G
               +---------+---------+-------+---------+---------+-------+---------
         Total |       0 |     236 |   0.0 |       0 |      65 |   0.0 |  1808
               +---------+---------+-------+---------+---------+-------+---------
           D:1 |       0 |      62 |   0.0 |       0 |      30 |   0.0 |   735
           D:2 |       0 |     103 |   0.0 |       0 |      18 |   0.0 |   719
           D:3 |       0 |      71 |   0.0 |       0 |      17 |   0.0 |   354
               +---------+---------+-------+---------+---------+-------+---------
